 Dungeon Crawl Stone Soup version 0.31-a0-354-g827e0957a7 (webtiles) character file.

Game seed: 5904559803610577945

69 Locuples the Trooper (level 4, 0/61 HPs)
             Began as a Minotaur Berserker on July 24, 2023.
             Was a Believer of Trog.
             Slain by a water moccasin (2 damage)
             ... on level 6 of the Dungeon.
             The game lasted 00:03:50 (1865 turns).

Locuples the Trooper (Minotaur Berserker)           Turns: 1865, Time: 00:03:50

Health: 0/61       AC:  9    Str: 24    XL:     4   Next: 2%
Magic:  3/3        EV:  9    Int:  4    God:    Trog [**....]
Gold:   133        SH:  0    Dex:  9    Spells: 3/3 levels left

rFire   . . .        a - +0 hand axe
rCold   . . .        (no shield)
rNeg    . . .        d - +0 chain mail
rPois   .            (helmet restricted)
rElec   .            (no cloak)
rCorr   .            (no gloves)
SInv    .            (no boots)
Will    ++...        (no amulet) Stlth
                     (no ring)
HPRegen 1.30/turn    (no ring)
MPRegen 0.08/turn

%: no passive effects
@: berserking, lethally poisoned (0 -> -1), strong-willed, regenerating, very
quick
A: horns 2, retaliatory headbutt
a: Renounce Religion, Berserk, Trog's Hand


You were on level 6 of the Dungeon.
You worshipped Trog.
Trog was pleased with you.
You visited 1 branch of the dungeon, and saw 4 of its levels.

You collected 133 gold pieces.

Inventory:

Hand Weapons
 a - a +0 hand axe (weapon)
Armour
 d - a +0 chain mail (worn)
Scrolls
 c - 2 scrolls of immolation {unknown}
 e - 2 scrolls of teleportation {unknown}
 h - a scroll of fear {unknown}
 i - a scroll of torment {unknown}
Potions
 b - a potion of brilliance {unknown}
 f - 2 potions of curing {unknown}
 g - a potion of degeneration {unknown}
 j - a potion of lignification {unknown}
 k - 2 potions of heal wounds {unknown}


   Skills:
 * Level 4.9 Fighting
 + Level 4.5 Axes
 + Level 3.0 Armour
 + Level 2.2 Dodging


You had 3 spell levels left.
You didn't know any spells.
Your spell library was empty.

Dungeon Overview and Level Annotations

Branches:
Dungeon (3/15)

Altars:
Yredelemnul


Innate Abilities, Weirdness & Mutations

You have a pair of horns on your head.
You reflexively headbutt those who attack you in melee.


Message History

The water moccasin barely misses you.
You closely miss the water moccasin.
The water moccasin is heavily wounded.
The water moccasin barely misses you. The water moccasin bites you.
You are poisoned.
The water moccasin poisons you!
You hit the water moccasin.
The water moccasin is heavily wounded.
You feel very sick. The water moccasin bites you.
You are lethally poisoned!
The water moccasin poisons you!
You hit the water moccasin.
Your headbutt misses the water moccasin.
The water moccasin is severely wounded.
You feel very sick.
The water moccasin barely misses you. x2
You hit the water moccasin.
Your headbutt misses the water moccasin.
The water moccasin is severely wounded.
* * * LOW HITPOINT WARNING * * *
You feel very sick.
The water moccasin bites you but does no damage.
You hit the water moccasin.
The water moccasin is almost dead.
* * * LOW HITPOINT WARNING * * *
You feel very sick. The water moccasin bites you.
* * * LOW HITPOINT WARNING * * *
The water moccasin barely misses you.
Your skin crawls.
You feel strong-willed.
* * * LOW HITPOINT WARNING * * *
You feel sick. The water moccasin bites you.
* * * LOW HITPOINT WARNING * * *
A red film seems to cover your vision as you go berserk!
You feel yourself moving faster!
You feel mighty!
* * * LOW HITPOINT WARNING * * *
You feel sick. The water moccasin bites you.
You die...

### #.. ..# #
#.# ##
#.##.##..#
#..@S....#
####?######.#.#
#...........
########.... #


You could see a water moccasin.

Vanquished Creatures
  2 adders (D:2)
  3 worms
  2 dart slugs (D:1)
  5 ball pythons
  2 endoplasms
  2 giant cockroaches (D:1)
  5 goblins
  5 quokkas
  2 bats (D:1)
  3 frilled lizards
  2 kobolds (D:1)
  6 rats (D:1)
39 creatures vanquished.

Notes
Turn   | Place    | Note
-------+----------+-------------------------------------------
     0 | D:1      | Locuples the Minotaur Berserker began the quest for the
                  | Orb.
     0 | D:1      | Reached XP level 1. HP: 19/19 MP: 0/0
   118 | D:1      | Reached XP level 2. HP: 22/27 MP: 1/1
   733 | D:1      | Reached ** piety under Trog
   747 | D:1      | Reached XP level 3. HP: 32/34 MP: 2/2
  1393 | D:2      | Identified the +1 falchion "Diat" {protect, +Blink Fly rF+
                  | Int+3}
  1781 | D:3      | Reached XP level 4. HP: 40/41 MP: 3/3
  1837 | D:3      | Found a basalt altar of Yredelemnul.
  1849 | D:3      | You fall into a shaft and drop 3 floors!
  1852 | D:6      | Noticed a water moccasin
  1864 | D:6      | HP: 2/41 [poisoned by a water moccasin]
  1865 | D:6      | Slain by a water moccasin

Illustrated notes

Levels and vault maps discovered:
D:1:      onia_arrival_pentagram, layout_basic, serial_forest,
          infiniplex_forest_clump_medium, infiniplex_forest_end_1,
          infiniplex_forest_clump_diagonal, infiniplex_forest_clump_small,
          infiniplex_forest_lined_1, infiniplex_forest_clump_diagonal,
          infiniplex_forest_clump_curved, infiniplex_forest_split,
          infiniplex_forest_clump_curved
D:2:      layout_rooms
D:3:      layout_loops_corners, mainiacjoe_overflow_boulevard
D:6:      layout_loops_corners, minmay_temple_entry_large_hall,
          uniq_blork_the_orc

Skill      XL: |  1  2  3 |
---------------+----------+-----
Fighting       | 4 |  4.9
Axes           | 4 |  4.5
Armour         | 3 |  3.0
Dodging        | |  2.2

Action                     |  1- 3 |  4- 6 || total
---------------------------+-------+-------++-------
  Melee: Hand axe          |    95 |    11 ||   106
         Headbutt          |    17 |     2 ||    19
 Invoke: Berserk           |       |     1 ||     1
         Trog's Hand       |       |     1 ||     1
 Armour: Leather armour    |     3 |       ||     3
         Chain mail        |    22 |     2 ||    24
  Dodge: Dodged            |    30 |     7 ||    37

Table legend: (Time is in decaauts)
 A = Elapsed time spent in this place.
 B = Non-inter-level travel time spent in this place.
 C = Inter-level travel time spent in this place.
 D = Time resting spent in this place.
 E = Time spent auto-exploring this place.
 F = Levels seen in this place.
 G = Mean time per level.
                   A        B        C        D        E       F      G
               +--------+--------+--------+--------+--------+-----+--------+
         Total |   1874 |   1838 |     36 |      0 |   1433 |   4 |  468.5 |
       Dungeon |   1874 |   1838 |     36 |      0 |   1433 |   4 |  468.5 |
               +--------+--------+--------+--------+--------+-----+--------+

Top non-repeatable levels by time:
     D:1: 1118 daAuts
     D:2: 452 daAuts
     D:3: 287 daAuts
     D:6: 16 daAuts
